 Dungeon Crawl Stone Soup version 0.31-a0-1009-g454b1f1e0a (webtiles) character file.

Game seed: 11608911259086690854

21 BinkBink the Sneak (level 2, 13/13 HPs)
             Began as a Spriggan Enchanter on Nov 14, 2023.
             Was a Follower of Sif Muna.
             Quit the game on level 2 of the Dungeon.
             The game lasted 00:02:26 (545 turns).

BinkBink the Sneak (Spriggan Enchanter)              Turns: 545, Time: 00:02:27

Health: 13/13      AC:  2    Str:  4    XL:     2   Next: 65%
Magic:  6/6        EV: 17    Int: 16    God:    Sif Muna [*.....]
Gold:   66         SH:  0    Dex: 15    Spells: 6/6 levels left

rFire   . . .        a - +1 dagger
rCold   . . .        (no shield)
rNeg    . . .        b - +0 robe
rPois   .            (helmet restricted)
rElec   .            (no cloak)
rCorr   .            (gloves unavailable)
SInv    +            (boots unavailable)
Will    .....        (no amulet)
Stlth   +++          (no ring)
HPRegen 0.22/turn    (no ring)
MPRegen 0.10/turn

%: no passive effects
@: very quick
A: very small, no large weapons, unfitting armour, see invisible, speed 3
a: Renounce Religion, Channel Magic


You were on level 2 of the Dungeon.
You worshipped Sif Muna.
Sif Muna was aware of your devotion.
You visited 1 branch of the dungeon, and saw 2 of its levels.

You collected 66 gold pieces.

Inventory:

Hand Weapons
 a - a +1 dagger (weapon)
Armour
 b - a +0 robe (worn)
Talismans
 d - a dragon-blood talisman
Scrolls
 e - a scroll of revelation {unknown}
 f - a scroll of identify {unknown}
 g - a scroll of brand weapon {unknown}
 h - a scroll of amnesia {unknown}
 j - a scroll of immolation
Potions
 c - 2 potions of invisibility
 i - 2 potions of attraction {unknown}


   Skills:
 + Level 1.4 Short Blades
 + Level 3.0 Dodging
 * Level 5.0 Stealth
 + Level 2.9 Spellcasting
 + Level 3.8 Hexes
 + Level 0.7 Shapeshifting


You had 6 spell levels left.
You didn't know any spells.
Your spell library contained the following spells:

 Spells                   Type           Power      Damage    Failure   Level
 Confusing Touch          Hex            14%        N/A       12%         3
 Tukima's Dance           Hex            14%        N/A       12%         3
 Ensorcelled Hibernation  Hex/Ice        16%        N/A       13%         2
 Dazzling Flash           Conj/Hex       16%        N/A       26%         3


Dungeon Overview and Level Annotations

Branches:
Dungeon (2/15)

Altars:
Sif Muna


Innate Abilities, Weirdness & Mutations

You are very small and have problems with some larger weapons.
You are too small for most types of armour.
You have supernaturally acute eyesight. (SInv)
You cover ground extremely quickly. (Speed+++)


Message History

The helpless endoplasm fails to defend itself.
You impale the endoplasm!!
You kill the endoplasm!
Sif Muna accepts your kill. The bat barely misses you.
You hit the bat.
You kill the bat!
Sif Muna accepts your kill.
No target in view!
No target in view!
You see here a ball python corpse.
A ball python comes into view.
The ball python hisses angrily.
A ball python is nearby!
A ball python is nearby!
You hit the ball python.
The ball python is moderately wounded.
The ball python bites you. The ball python misses you.
You closely miss the ball python.
The ball python is moderately wounded.
The ball python bites you. The ball python completely misses you.
You hit the ball python.
You kill the ball python!
Sif Muna accepts your kill.
Your Stealth skill increases to level 5!
No target in view!
No target in view!
Found an escape hatch in the floor.
Done exploring.
Done exploring.
There is a fountain of sparkling water here.
There is a fountain of sparkling water here.
There is a stone staircase leading down here.
You climb downwards.
There is a stone staircase leading up here.
A kobold comes into view. It is wielding a +0 club.
A kobold is nearby!
A kobold is nearby!
Found a stone staircase leading down.
Are you sure you want to abandon this character and quit the game? (Confirm with "yes".)

###########
#...<.....#
#.........#
#.........+
+.........#
#######.........#
.......@.........#
.................#
.................#
.>...............
................
.......K.......
...............
...............


You could see a kobold (asleep).

Vanquished Creatures
  2 dart slugs (D:1)
  3 bats (D:1)
  3 endoplasms (D:1)
  A hobgoblin (D:1)
  3 ball pythons (D:1)
  2 frilled lizards (D:1)
  4 rats (D:1)
  2 butterflies (D:1)
20 creatures vanquished.

Notes
Turn   | Place    | Note
-------+----------+-------------------------------------------
     0 | D:1      | BinkBink the Spriggan Enchanter began the quest for the
                  | Orb.
     0 | D:1      | Reached XP level 1. HP: 9/9 MP: 5/5
   210 | D:1      | Reached XP level 2. HP: 13/13 MP: 6/6
   303 | D:1      | Found a faded altar of an unknown god.
   321 | D:1      | Prayed at the altar of an unknown god.
   321 | D:1      | Became a worshipper of Sif Muna the Loreminder
   321 | D:1      | Reached * piety under Sif Muna
   488 | D:1      | Reached skill level 5 in Stealth
   545 | D:2      | Quit the game

Illustrated notes

Levels and vault maps discovered:
D:1:      spicycebolla_arrival_clurvy, layout_rooms,
          hellmonk_ecumenical_altar_blasted, minmay_misc_feat_tower
D:2:      minmay_angry_zag, layout_basic

Skill      XL: |  1  2 |
---------------+-------+-----
Dodging        | 3 |  3.0
Stealth        | 5 |  5.0
Short Blades   | |  1.4
Spellcasting   | |  2.9
Hexes          | |  3.8
Shapeshifting  | |  0.7

Action                     || total
---------------------------++-------
  Melee: Dagger            ||    46
   Stab: Sleeping          ||    10
 Armour: Robe              ||    13
  Dodge: Dodged            ||    35

Table legend: (Time is in decaauts)
 A = Elapsed time spent in this place.
 B = Non-inter-level travel time spent in this place.
 C = Inter-level travel time spent in this place.
 D = Time resting spent in this place.
 E = Time spent auto-exploring this place.
 F = Levels seen in this place.
 G = Mean time per level.
                   A        B        C        D        E       F      G
               +--------+--------+--------+--------+--------+-----+--------+
         Total |    357 |    343 |     14 |      0 |    215 |   2 |  178.5 |
       Dungeon |    357 |    343 |     14 |      0 |    215 |   2 |  178.5 |
               +--------+--------+--------+--------+--------+-----+--------+

Top non-repeatable levels by time:
     D:1: 353 daAuts
     D:2: 3 daAuts
